 Dungeon Crawl Stone Soup version 0.31-a0-702-gf82c85558f (webtiles) character file.

Game seed: 12567384228260662130

427 qw the Shooter (level 6, -4/40 HPs)
             Began as a Gargoyle Hunter on Sept 8, 2023.
             Was an Initiate of Okawaru.
             Slain by an ogre
             ... wielding a +0 giant club
              (12 damage)
             ... on level 5 of the Dungeon.
             The game lasted 00:01:23 (3233 turns).

qw the Shooter (Gargoyle Hunter)                    Turns: 3233, Time: 00:01:24

Health: -4/40      AC: 14    Str: 14    XL:     6   Next: 97%
Magic:  6/6        EV: 11    Int: 10    God:    Okawaru [......]
Gold:   147        SH:  0    Dex: 15    Spells: 5/5 levels left

rFire   . . .        Y - +2 shortbow
rCold   . . .        (shield currently unavailable)
rNeg    + . .        k - +0 ring mail
rPois   inf          b - +0 helmet
rElec   +            c - +0 cloak
rCorr   .            e - +0 pair of gloves
SInv    .            o - +0 pair of boots
Will    +....        (no amulet)
Stlth   +            (no ring)
HPRegen 0.26/turn    (no ring)
MPRegen 0.10/turn

%: no passive effects
@: about to teleport
A: sickness immunity, AC +4, negative energy resistance 1, electricity
resistance, torment resistance 1, petrification resistance, talons 1,
strong-willed 1, sense surroundings 1
a: Renounce Religion


You were on level 5 of the Dungeon.
You worshipped Okawaru.
Okawaru was noncommittal.
You visited 2 branches of the dungeon, and saw 6 of its levels.

You collected 219 gold pieces.
You spent 72 gold pieces at shops.


Innate Abilities, Weirdness & Mutations

You are immune to sickness and miasma.
Your stone body is resilient. (AC +4)
You are immune to poison.
You resist negative energy. (rN+)
You are resistant to electric shocks. (rElec)
You are resistant to unholy torment.
You are immune to petrification.
You have sharp toenails.
You are strong-willed. (Will+)
You passively map a small area around you.


   Skills:
 - Level 4.9 Fighting
 + Level 6.3 Ranged Weapons
 - Level 2.7 Armour
 - Level 1.5 Dodging
 - Level 1.1 Stealth


You had 5 spell levels left.
You didn't know any spells.
Your spell library was empty.

Inventory:

Hand Weapons
 Y - a +2 shortbow (weapon)
Armour
 b - a +0 helmet (worn)
 c - a +0 cloak (worn)
 e - a +0 pair of gloves (worn)
 k - a +0 ring mail (worn)
 o - a +0 pair of boots (worn)
Scrolls
 a - 2 scrolls of identify
 f - 3 scrolls of teleportation
Potions
 d - 2 potions of enlightenment
 g - a potion of heal wounds
 h - a potion of haste {unknown}
 i - a potion of lignification {unknown}
 j - 2 potions of brilliance {unknown}
 l - a potion of ambrosia {unknown}
 m - 3 potions of curing
 n - a potion of berserk rage {unknown}
 p - a potion of experience {unknown}
 q - a potion of degeneration {unknown}
 s - 2 potions of mutation

Dungeon Overview and Level Annotations

Branches:
Dungeon (5/15)             Temple (1/1) D:5

Altars:
Ashenzari
Cheibriados
Elyvilon
Fedhas
Gozag
Hepliaklqana
Kikubaaqudgha
Makhleb
Nemelex Xobeh
Okawaru
Qazlal
Ru
Trog
Uskayaw
Vehumet
Wu Jian
Xom
Yredelemnul
Zin

Shops:
D:2 *

Annotations:
D:5 1 runed translucent door


Message History

You shoot an arrow. The arrow hits the iguana!
You kill the iguana!
Okawaru accepts your kill.
You see here an iguana corpse.
j - 2 lumpy coppery potions (gained 1)
m - 3 potions of curing (gained 2)
f - 4 scrolls of teleportation (gained 1)
r - a scroll of enchant weapon
Enter note:
Enter note:
3225 ||| READING scroll of enchant weapon.
As you read the scroll of enchant weapon, it crumbles to dust.
Your +1 shortbow glows red for a moment.
3225 ||| ENCHANTING +1 shortbow.
An ogre and 2 orcs come into view.
You shoot an arrow. The arrow hits the ogre.
The ogre is lightly wounded.
The orc shouts!
The ogre barely misses you.
The orc shouts!
You hear a shout!
You shoot an arrow.
The arrow hits the ogre but does no damage.
The ogre barely misses you.
You shoot an arrow. The arrow hits the ogre.
The ogre is lightly wounded.
The ogre hits you with a +0 giant club!
An orc wizard comes into view. It is wielding a +0 dagger.
You shoot an arrow. The arrow hits the ogre.
The ogre is lightly wounded.
You shoot an arrow. The arrow hits the ogre!
The ogre is heavily wounded.
The ogre hits you with a +0 giant club!
You shoot an arrow. The arrow hits the ogre!
The ogre is severely wounded.
The ogre hits you with a +0 giant club!
3233 ||| READING 4 scrolls of teleportation.
As you read the scroll of teleportation, it crumbles to dust.
You feel strangely unstable. The ogre hits you with a +0 giant club!
You die...

##### #.... #.### #.###
####################....
#..oooO..............###
* *#@.# ########.#
#..####........# *
#..............# #,*
#..####.######.###
#.#####..## #.##........
#.........###.##.###.###
* ####........##.##.#
#.###
...................#
#....
.####........##.####
#.###


You could see an ogre, an orc wizard and 2 orcs.

Vanquished Creatures
  A water moccasin (D:5)
  A scorpion (D:4)
  A gnoll bouda (D:3)
  A sleepcap (D:4)
  2 iguanas
  An orc wizard (D:4)
  A gnoll (D:3)
  6 adders
  A white imp (D:5)
  2 worms (D:2)
  A dart slug (D:2)
  4 orcs (D:4)
  7 ball pythons
  2 endoplasms (D:3)
  A giant cockroach (D:3)
  5 goblins
  5 hobgoblins
  8 kobolds
  6 quokkas
  A bat (D:2)
  4 frilled lizards
  3 rats
64 creatures vanquished.

Notes
Turn   | Place    | Note
-------+----------+-------------------------------------------
     0 | D:1      | qw the Gargoyle Hunter began the quest for the Orb.
     0 | D:1      | Reached XP level 1. HP: 12/12 MP: 1/1
     0 | D:1      | 0 ||| qw: Version: 0.3-a-76-g4403597
     0 | D:1      | 0 ||| qw: Game counter: 1249
     0 | D:1      | 0 ||| qw: Melee chars always use a shield: true
     0 | D:1      | 0 ||| qw: God list: Okawaru
     0 | D:1      | 0 ||| qw: Allow faded altars: false
     0 | D:1      | 0 ||| qw: Do Orc after clearing Dungeon:15 true
     0 | D:1      | 0 ||| qw: Do second Lair branch before Depths: true
     0 | D:1      | 0 ||| qw: Lair rune preference: random
     0 | D:1      | 0 ||| qw: Goals: Normal
     0 | D:1      | 0 ||| PLANNING D:1-11
   343 | D:1      | Reached XP level 2. HP: 17/17 MP: 2/2
   618 | D:1      | 618 ||| UPGRADING to +0 ring mail.
   628 | D:1      | 628 ||| DROPPING +0 leather armour.
   629 | D:1      | 629 ||| READING 2 scrolls labelled FUSSANNAORU.
   630 | D:1      | 630 ||| READING 3 scrolls labelled CIONWU ZOASE.
   635 | D:1      | 635 ||| READING scroll labelled ROEFAS UFUEL.
   636 | D:1      | 636 ||| DRINKING 2 silvery potions.
   637 | D:1      | 637 ||| DRINKING 2 viscous grey potions.
   637 | D:1      | Gained mutation: You sometimes lose your temper in combat.
                  | [potion of mutation]
   637 | D:1      | Gained mutation: Your mind is acute. (Int +4, Str/Dex -1)
                  | [potion of mutation]
   638 | D:1      | 638 ||| DRINKING potion of mutation.
   638 | D:1      | Lost mutation: You sometimes lose your temper in combat.
                  | [potion of mutation]
   638 | D:1      | Lost mutation: Your mind is acute. (Int +4, Str/Dex -1)
                  | [potion of mutation]
   638 | D:1      | Gained mutation: You have hidden genetic potential. [potion
                  | of mutation]
   638 | D:1      | Gained mutation: You have sharp toenails. [potion of
                  | mutation]
   639 | D:1      | 639 ||| DROPPING scroll of butterflies.
   786 | D:2      | Reached skill level 1 in Armour
   846 | D:2      | Found Fiawkem's Assorted Antiques.
   849 | D:2      | 849 ||| SHOPLISTING 2 scrolls of teleportation (114 gold,
                  | have 81).
   849 | D:2      | 849 ||| BUYING clear potion (17 gold).
   849 | D:2      | Bought a clear potion for 17 gold pieces
   849 | D:2      | 849 ||| SHOPLISTING glowing troll leather armour (342 gold,
                  | have 64).
   849 | D:2      | 849 ||| BUYING lumpy coppery potion (17 gold).
   849 | D:2      | Bought a lumpy coppery potion for 17 gold pieces
   849 | D:2      | 849 ||| BUYING scroll of identify (38 gold).
   849 | D:2      | Bought a scroll of identify for 38 gold pieces
   909 | D:2      | Reached XP level 3. HP: 10/21 MP: 3/3
   998 | D:2      | 998 ||| Stepping ~*~*~tactically~*~*~ (outnumbered).
  1008 | D:2      | Gained mutation: You passively map a small area around you.
                  | [hidden potential]
  1071 | D:2      | Reached skill level 5 in Ranged Weapons
  1189 | D:2      | Reached XP level 4. HP: 27/27 MP: 4/4
  1191 | D:2      | Found a faded altar of an unknown god.
  1479 | D:2      | 1479 ||| UPGRADING to +0 cloak.
  1484 | D:2      | 1484 ||| READING scroll labelled XELEUNUDGHU.
  1485 | D:2      | 1485 ||| DRINKING 2 clear potions.
  1486 | D:2      | 1486 ||| READING 2 scrolls of identify.
  1486 | D:2      | 1486 ||| IDENTIFYING fuming grey potion
  1487 | D:2      | 1487 ||| DROPPING potion of attraction.
  1521 | D:3      | 1521 ||| STAIRDANCE
  1525 | D:2      | Reached skill level 3 in Fighting
  1527 | D:3      | 1527 ||| STAIRDANCE
  1537 | D:3      | Gained mutation: You are strong-willed. (Will+) [hidden
                  | potential]
  1537 | D:3      | Lost mutation: You have hidden genetic potential. [hidden
                  | potential expressed]
  1892 | D:3      | 1892 ||| FLEEEEING.
  2128 | D:3      | 2128 ||| RETREATING.
  2136 | D:3      | 2136 ||| Stepping ~*~*~tactically~*~*~ (retreating).
  2137 | D:3      | 2137 ||| Stepping ~*~*~tactically~*~*~ (retreating).
  2138 | D:3      | 2138 ||| Stepping ~*~*~tactically~*~*~ (retreating).
  2140 | D:3      | 2140 ||| RETREATING.
  2145 | D:3      | Reached XP level 5. HP: 26/32 MP: 5/5
  2149 | D:3      | HP: 5/32 [gnoll/+0 halberd[a gnoll bouda] (6)]
  2150 | D:3      | 2150 ||| READING 4 scrolls of teleportation.
  2151 | D:3      | 2151 ||| DRINKING 2 potions of heal wounds.
  2153 | D:3      | 2153 ||| FLEEEEING.
  2154 | D:3      | 2154 ||| FLEEEEING.
  2186 | D:3      | 2186 ||| FLEEEEING.
  2195 | D:3      | 2195 ||| STAIRDANCE
  2208 | D:2      | 2208 ||| UPGRADING to +0 pair of gloves.
  2213 | D:2      | 2213 ||| UPGRADING to +0 pair of boots.
  2218 | D:2      | 2218 ||| READING 4 scrolls labelled JOELUR ILAM.
  2219 | D:2      | 2219 ||| READING scroll labelled PIHIQI KET IZO.
  2220 | D:2      | 2220 ||| READING scroll labelled GICYZI GAXIB.
  2244 | D:2      | 2244 ||| DROPPING 3 scrolls of fear.
  2340 | D:4      | 2340 ||| STAIRDANCE
  2385 | D:4      | Reached skill level 6 in Ranged Weapons
  2478 | D:4      | Reached XP level 6. HP: 28/37 MP: 6/6
  2845 | D:4      | 2845 ||| UPGRADING to +0 helmet.
  2850 | D:4      | 2850 ||| READING scroll labelled IXEOWURIEH.
  2865 | D:5      | Entered Level 5 of the Dungeon
  2900 | D:5      | Found a runed translucent door.
  3040 | D:5      | Found a staircase to the Ecumenical Temple.
  3040 | D:5      | Noticed a water moccasin
  3041 | D:5      | 3041 ||| PLANNING TEMPLE
  3051 | D:5      | Killed a water moccasin
  3100 | D:5      | 3100 ||| DRINKING 2 fizzy inky potions.
  3109 | Temple   | Entered the Ecumenical Temple
  3110 | Temple   | 3110 ||| PLANNING OKAWARU WORSHIP
  3124 | Temple   | Became a worshipper of Warmaster Okawaru
  3125 | Temple   | 3125 ||| PLANNING D:1-11
  3225 | D:5      | 3225 ||| READING scroll of enchant weapon.
  3225 | D:5      | 3225 ||| ENCHANTING +1 shortbow.
  3232 | D:5      | HP: 8/40 [ogre/+0 giant club (9)]
  3233 | D:5      | 3233 ||| READING 4 scrolls of teleportation.
  3233 | D:5      | Slain by an ogre

Levels and vault maps discovered:
D:1:      minmay_arrival_open_corners, layout_loops_ring, minmay_crystal_water,
          nicolae_twisty_statue_hallways
D:2:      layout_loops_ring, serial_shops, nicolae_shop_tiny_real_fake_doors,
          nicolae_ecumenical_lake_church
D:3:      layout_loops_ring, kennysheep_crisscross
D:4:      layout_cave_pools
D:5:      layout_loops_ring, minmay_temple_entry_sparse_star,
          ebering_ghost_sewer_f
Temple:   hellmonk_temple_of_storms

Skill      XL: |  1  2  3  4  5  6 |
---------------+-------------------+-----
Armour         | 1 2 |  2.7
Ranged Weapons | 5 6 |  6.3
Fighting       | 3 4 |  4.9
Dodging        | |  1.5
Stealth        | |  1.1

Action                     |  1- 3 |  4- 6 || total
---------------------------+-------+-------++-------
   Fire: Shortbow          |   110 |   171 ||   281
    Use: Scroll            |     3 |     9 ||    12
         Potion            |     3 |     3 ||     6
 Armour: Ring mail         |    33 |    68 ||   101
         Leather armour    |     1 |       ||     1
  Dodge: Dodged            |    26 |    44 ||    70

Table legend:
 A = Non-vault XP
 B = Vault XP
 C = Vault XP percentage of total XP
 D = Non-vault monster count
 E = Vault monster count
 F = Vault count percentage of total count
                 A         B        C        D         E       F
            +---------+---------+-------+---------+---------+-------
      Total |     610 |       0 |   0.0 |      64 |       0 |   0.0
            +---------+---------+-------+---------+---------+-------
        D:1 |      16 |       0 |   0.0 |       9 |       0 |   0.0
        D:2 |      91 |       0 |   0.0 |      22 |       0 |   0.0
        D:3 |      73 |       0 |   0.0 |      14 |       0 |   0.0
        D:4 |     225 |       0 |   0.0 |      15 |       0 |   0.0
        D:5 |     205 |       0 |   0.0 |       4 |       0 |   0.0
            +---------+---------+-------+---------+---------+-------
